 Dungeon Crawl Stone Soup version 0.31-a0-145-g046c7d2549 (webtiles) character file.

Game seed: 8690657074480196025

444 wayreth the Trooper (level 6, -7/55 HPs)
             Began as a Demonspawn Gladiator on June 6, 2023.
             Was an Initiate of Yredelemnul.
             Mangled by Duvessa
             ... wielding a +0 rapier
              (11 damage)
             ... on level 4 of the Dungeon.
             The game lasted 00:13:45 (2631 turns).

wayreth the Trooper (Demonspawn Gladiator)          Turns: 2631, Time: 00:13:46

Health: -7/55      AC: 13    Str: 17    XL:     6   Next: 72%
Magic:  6/6        EV: 12    Int:  9    God:    Yredelemnul [......]
Gold:   163        SH:  0    Dex: 14    Spells: 5/5 levels left

rFire   . . .        a - +1 trident
rCold   . . .        (no shield)
rNeg    . . .        b - +0 leather armour
rPois   +            c - +0 helmet
rElec   .            (no cloak)
rCorr   .            (no gloves)
SInv    +            o - +2 pair of boots
Will    .....        (no amulet)
Stlth   +            k - +4 ring of slaying
HPRegen 0.29/turn    r - ring of see invisible
MPRegen 0.10/turn

%: no passive effects
@: sanguine armoured
A: claws 1, demonic guardian 1, sanguine armour 1, see invisible, poison
resistance
a: Renounce Religion, Recall Undead Harvest


You were on level 4 of the Dungeon.
You worshipped Yredelemnul.
Yredelemnul was noncommittal.
You visited 1 branch of the dungeon, and saw 4 of its levels.

You collected 174 gold pieces.
You spent 11 gold pieces at shops.

Inventory:

Hand Weapons
 a - a +1 trident (weapon)
Missiles
 d - 3 throwing nets (quivered)
 e - a javelin
Armour
 b - a +0 leather armour (worn)
 c - a +0 helmet (worn)
 o - a +2 pair of boots (worn)
Jewellery
 k - a +4 ring of slaying (left claw)
 r - a ring of see invisible (right claw)
Wands
 f - a wand of flame (9)
Scrolls
 g - 3 scrolls of magic mapping
 i - 3 scrolls of identify
 l - a scroll of vulnerability
Potions
 h - a potion of mutation
 q - 2 potions of haste


   Skills:
 - Level 7.3 Fighting
 * Level 2.6 Polearms
 - Level 1.7 Throwing
 - Level 2.6 Dodging


You had 5 spell levels left.
You didn't know any spells.
Your spell library was empty.

Dungeon Overview and Level Annotations

Branches:
Dungeon (4/15)
 Temple: D:4-7

Altars:
Yredelemnul

Shops:
D:3 !

Annotations:
D:4 Blork the orc, Duvessa


Innate Abilities, Weirdness & Mutations

You have sharp fingernails.
A weak demonic guardian rushes to your aid.
When seriously injured, your blood forms armour. (AC +6)
You have supernaturally acute eyesight. (SInv)
Your system is resistant to poisons. (rPois)


Message History

An ogre comes into view. It is wielding a +0 giant club.
You see here 14 gold pieces.
The ogre shouts!
You reach to attack!
You closely miss the ogre. The ogre hits you with a +0 giant club!
You hit the ogre.
The ogre is lightly wounded.
You barely miss the ogre.
The ogre is lightly wounded.
The ogre completely misses you.
You puncture the ogre!
The ogre is moderately wounded.
The ogre barely misses you.
You puncture the ogre!
The ogre is severely wounded.
The ogre hits you with a +0 giant club!
Your blood congeals into armour.
You puncture the ogre!
The ogre is almost dead.
The ogre closely misses you.
You barely miss the ogre.
The ogre is almost dead.
Duvessa goes berserk!
You hit the ogre.
You kill the ogre!
Your Fighting skill increases to level 7!
Duvessa rages. x2
You hear a shout!
Duvessa attacks as you move away! Duvessa hits you with a +0 rapier!
* * * LOW HITPOINT WARNING * * *
Okay, then.
Duvessa barely misses you. Duvessa attacks as you move away!
Duvessa hits you with a +0 rapier!
* * * LOW HITPOINT WARNING * * *
Duvessa hits you with a +0 rapier.
* * * LOW HITPOINT WARNING * * *
A demonic guardian appears!
A giant cockroach comes into view.
Duvessa attacks as you move away! Duvessa hits you with a +0 rapier!
You die...
Your body rises from the dead as a mindless zombie.

.##)...........#.##..e.....#
......................)<...#
.......####.....#....##....#
..............)###..######.....
...............<###.. .###
..#...........#..#### ..
..#..$........#...## .. ..
####.........##....#.... #
##..........###@......#
.......)...Z..5e........
.........###.#.###......
#............#... ......
##....#.................
##.............#.......
##...####.....#.....B. ###.
.........###.. .. ........###


You could see Duvessa (berserk, ally target), a giant cockroach, a friendly
shadow imp (summoned) and a friendly dart slug zombie.

Vanquished Creatures
  An ogre (D:4)
  Dowan (D:4)
  A jelly (D:3)
  Terence (D:3)
  Jessica (D:3)
  An orc wizard (D:3)
  Natasha (twice) (D:3)
  4 adders
  A worm (D:2)
  3 dart slugs
  5 orcs
  5 bats
  2 endoplasms (D:2)
  5 giant cockroaches
  6 goblins
  9 hobgoblins
  5 jackals (D:2)
  7 kobolds
  A quokka (D:1)
  5 ball pythons
  2 frilled lizards
  3 rats (D:1)
71 creatures vanquished.

Vanquished Creatures (collateral kills)
  Natasha (D:3)
  An orc (D:3)
  2 endoplasms (D:3)
  A hobgoblin (D:3)
  A bat (D:3)
  A kobold (D:3)
  A rat (D:3)
8 creatures vanquished.

Vanquished Creatures (others)
  A felid zombie (D:3)
  2 adder zombies
  5 bat zombies
  A human zombie (D:3)
  A ball python zombie (D:3)
  A dart slug zombie (D:2)
  A giant cockroach zombie (D:3)
  2 jackal zombies (D:2)
  An orc zombie (D:3)
15 creatures vanquished.

Grand Total: 94 creatures vanquished

Notes
Turn   | Place    | Note
-------+----------+-------------------------------------------
     0 | D:1      | wayreth the Demonspawn Gladiator began the quest for the
                  | Orb.
     0 | D:1      | Reached XP level 1. HP: 16/16 MP: 1/1
   171 | D:1      | Gained mutation: You have sharp fingernails. [demonic
                  | ancestry]
   171 | D:1      | Reached XP level 2. HP: 23/23 MP: 2/2
   283 | D:1      | Reached skill level 3 in Fighting
   779 | D:2      | Found a basalt altar of Yredelemnul.
   859 | D:2      | Became a worshipper of Yredelemnul the Dark
   878 | D:2      | Reached XP level 3. HP: 29/29 MP: 3/3
  1028 | D:2      | Reached skill level 4 in Fighting
  1495 | D:2      | Gained mutation: When seriously injured, your blood forms
                  | armour. (AC +6) [demonic ancestry]
  1495 | D:2      | Reached XP level 4. HP: 38/38 MP: 4/4
  1557 | D:3      | Reached * piety under Yredelemnul
  1574 | D:3      | Found Zasey's Distillery.
  1595 | D:3      | Bought a potion of degeneration for 11 gold pieces
  1642 | D:3      | Noticed Natasha
  1657 | D:3      | Killed Natasha
  1658 | D:3      | Reached skill level 5 in Fighting
  1780 | D:3      | Noticed Natasha
  1790 | D:3      | Killed Natasha
  1791 | D:3      | Reached XP level 5. HP: 36/44 MP: 5/5
  1845 | D:3      | Noticed Natasha
  1852 | D:3      | Killed Natasha
  2039 | D:3      | Noticed Terence
  2046 | D:3      | Your ally Natasha died
  2066 | D:3      | Killed Terence
  2067 | D:3      | Reached skill level 6 in Fighting
  2154 | D:3      | Noticed Jessica
  2164 | D:3      | Your ally Terence died
  2175 | D:3      | Gained mutation: Your system is resistant to poisons.
                  | (rPois) [potion of mutation]
  2175 | D:3      | Gained mutation: You have supernaturally acute eyesight.
                  | (SInv) [potion of mutation]
  2177 | D:3      | Killed Jessica
  2403 | D:4      | Noticed Blork the orc
  2404 | D:4      | Noticed Dowan
  2410 | D:4      | Noticed Duvessa
  2422 | D:3      | Gained mutation: A weak demonic guardian rushes to your
                  | aid. [demonic ancestry]
  2422 | D:3      | Reached XP level 6. HP: 36/53 MP: 6/6
  2584 | D:4      | Killed Dowan
  2621 | D:4      | Reached skill level 7 in Fighting
  2631 | D:4      | Mangled by Duvessa

Illustrated notes

Levels and vault maps discovered:
D:1:      matt_arrival_los_fun, layout_basic, corexii_hall_statues_x
D:2:      layout_loops_ring, basic_altar, minmay_hexomino_c4
D:3:      layout_rooms, serial_shops, shop, minmay_misc_feat_tiny, uniq_natasha,
          uniq_jessica, uniq_terence
D:4:      layout_cave_pools, nicolae_overflow_hallway_of_the_gods,
          gup_sewer_entry_bowl, uniq_duvessa, uniq_crazy_yiuf_cottage,
          uniq_blork_the_orc

Skill      XL: |  1  2  3  4  5  6 |
---------------+-------------------+-----
Fighting       | 3 4 5 6 7 |  7.3
Polearms       | |  2.6
Throwing       | |  1.7
Dodging        | |  2.6

Action                     |  1- 3 |  4- 6 || total
---------------------------+-------+-------++-------
  Melee: Trident           |   143 |   113 ||   256
    Use: Potion            |     2 |     7 ||     9
         Scroll            |       |     4 ||     4
   Stab: Sleeping          |     2 |     1 ||     3
         Distracted        |       |     1 ||     1
 Armour: Leather armour    |    42 |    38 ||    80
         Skin              |       |     1 ||     1
  Dodge: Dodged            |    94 |    95 ||   189

Table legend: (Time is in decaauts)
 A = Elapsed time spent in this place.
 B = Non-inter-level travel time spent in this place.
 C = Inter-level travel time spent in this place.
 D = Time resting spent in this place.
 E = Time spent auto-exploring this place.
 F = Levels seen in this place.
 G = Mean time per level.
                   A        B        C        D        E       F      G
               +--------+--------+--------+--------+--------+-----+--------+
         Total |   2661 |   2565 |     96 |    433 |   1411 |   4 |  665.2 |
       Dungeon |   2661 |   2565 |     96 |    433 |   1411 |   4 |  665.2 |
               +--------+--------+--------+--------+--------+-----+--------+

Top non-repeatable levels by time:
     D:3: 1021 daAuts
     D:2: 833 daAuts
     D:1: 711 daAuts
     D:4: 96 daAuts
